cohdb
Replays
Latest Replays
All Replays
Popular Replays
Top Player Replays
Match Explorer
How It Works
Community
CoH3 Stats
Reddit
Sign in to upload your games and track your stats! →
Sign in with Steam
Match 45407359
Unlisted
Match 45407359
Overview
Messages
Build Orders
End
Kradschützen Motorcycle Team
Selects Armored Support Battlegroup
Panzergrenadier Squad
Panzergrenadier Squad
250 Light Carrier
Construct Light Support Kompanie
Selects Superior Fire Drills
Fire Support Elements
Assault Mechanized Group
Panzerjäger Squad
Pak 38 Anti-tank Gun Team
AI Takeover
DieHard
aka p.r.a.s.a.
pagep
7k this year for sure
0
0
Comments
sign in to comment!
No comments posted yet!